 Dungeon Sprint DCSS version 0.28.0-53-g5a82cb258f (webtiles) character file.

Game seed: 5214126633650881738

916 Zeld the Cleaver (level 7, -2/78 HPs)
             Began as a Minotaur Berserker on June 7, 2022.
             Was an Elder of Trog.
             Slain by Menkaure (21 damage)
             ... in the Dungeon (Sprint II: "The Violet Keep of Menkaure").
             The game lasted 00:00:49 (1155 turns).

Zeld the Cleaver (Minotaur Berserker)               Turns: 1155, Time: 00:00:49

Health: -2/78      AC:  2    Str: 23    XL:     7   Next: 83%
Magic:  6/6        EV: 14    Int:  4    God:    Trog [****..]
Gold:   976        SH:  0    Dex: 10    Spells: 6/6 levels left

rFire   . . .      SeeInvis .   a - +0 hand axe
rCold   . . .      Faith    .   (no shield)
rNeg    . . .      Spirit   .   b - +0 animal skin
rPois   .          Reflect  .   (helmet restricted)
rElec   .          Harm     .   (no cloak)
rCorr   .          Rampage  .   (no gloves)
Will    .....      NoTele   +   (no boots)
Stlth   +.........              (no amulet)
HPRegen 0.23/turn               (no ring)
MPRegen 0.10/turn               (no ring)

@: no status effects
A: horns 2, retaliatory headbutt
a: Renounce Religion, Berserk, Trog's Hand, Brothers in Arms


You were in the Dungeon.
You worshipped Trog.
Trog was greatly pleased with you.
You visited 1 branch You collected 976 gold pieces.

Inventory:

Hand Weapons
 a - a +0 hand axe (weapon)
Armour
 b - a +0 animal skin (worn)
Scrolls
 h - a scroll of blinking
Potions
 c - a potion of curing
 d - a potion of heal wounds
 e - a potion of haste
 f - 2 potions of magic
 g - a potion of berserk rage


   Skills:
 * Level 12.4 Fighting
 * Level 12.4 Axes
 + Level 8.7 Armour
 + Level 7.9 Dodging


You had 6 spell levels left.
You didn't know any spells.
Your spell library was empty.

Dungeon Overview and Level Annotations

Branches:
Dungeon (1/1)

Altars:

Shops:
D [(:=[(![:=!=:?=

Annotations:
D exclusions: obsidian statue and oklob plant, Menkaure


Innate Abilities, Weirdness & Mutations

You have a pair of horns on your head.
You reflexively headbutt those who attack you in melee.


Message History

A scorpion comes into view.
Found 4 gold pieces.
You hit the scorpion but do no damage. The scorpion stings you.
You hit the scorpion but do no damage. The scorpion misses you.
You furiously retaliate!
You headbutt the scorpion! You hit the scorpion but do no damage.
Your headbutt misses the scorpion.
The scorpion is severely wounded.
The scorpion barely misses you.
You closely miss the scorpion. You headbutt the scorpion.
The scorpion is almost dead.
The scorpion closely misses you.
You hit the scorpion.
You kill the scorpion!
Trog accepts your kill.
There is an open door here.
You now have 976 gold pieces (gained 4).
There is an open door here.
There is an open door here.
You enter the shallow water.
Moving in this stuff is going to be slow.
As you open the door, it creaks loudly!
Menkaure, Prince of Dust comes into view.
Found three items.
Found Ihybueduo's Antique Armour Emporium and Syuxteull's Jewellery Shoppe.
Menkaure shouts!
Menkaure mumbles some strange words.
Menkaure seems to speed up.
Marking area around an oklob plant as unsafe for travelling.
There is an open door here.
Found 12 bolts, 32 gold pieces and 9 arrows.
Found three shops.
Menkaure is nearby!
Menkaure is nearby!
Menkaure is nearby!
Menkaure hits you!!
There is an open door, spattered with blood here.
You hit Menkaure but do no damage. Menkaure hits you!!
* * * LOW HITPOINT WARNING * * *
You barely miss Menkaure. Menkaure hits you!!
You die...

##########≈≈#++
#########≈≈≈...
........#≈≈≈≈.##+##
∩.....∩.#≈≈≈≈##.#.## ###
.∩...∩.∩#≈≈≈≈#..#..# ..#
∩.∩.∩.∩.#≈≈#####.#####..#
.∩.∩.∩..#≈##.###'###.##..
..∩.∩...#M#...##.##...#..
...⌠....@≈+.##'.<.†##.'..
........#≈###.##.##.†.#..
▓▓▓▓▓▓###≈##.###'###.##..
(sD######≈≈####.#÷####≈≈§
$?s# ##≈≈≈#.###.#≈≈≈≈≈
∩P$ #'#≈##.#.##≈≈≈≈≈ (.
#.#≈≈##+##≈≈≈§≈≈
####≈≈≈≈≈≈≈≈≈≈≈≈
#+++#+++#≈≈≈§


You could see a fire dragon, an oklob plant, 2 redbacks and Menkaure (fast).

Vanquished Creatures
  2 wyverns (D)
  4 necrophages (D)
  5 scorpions (D)
  3 worms (D)
14 creatures vanquished.

Vanquished Creatures (others)
  A water moccasin (D)
1 creature vanquished.

Grand Total: 15 creatures vanquished

Notes
Turn   | Place    | Note
-------+----------+-------------------------------------------
     0 | D        | Zeld the Minotaur Berserker began the quest for the Orb.
     0 | D        | Reached XP level 1. HP: 19/19 MP: 0/0
     1 | D        | Noticed a scorpion
     1 | D        | Noticed a scorpion
     6 | D        | Killed a scorpion
     7 | D        | Reached XP level 2. HP: 20/31 MP: 1/1
     7 | D        | Reached XP level 3. HP: 25/38 MP: 2/2
     8 | D        | Killed a scorpion
     9 | D        | Reached skill level 5 in Armour
     9 | D        | Reached XP level 4. HP: 29/47 MP: 3/3
    78 | D        | Noticed a scorpion
    78 | D        | Noticed a scorpion
    82 | D        | Killed a scorpion
    82 | D        | Reached ** piety under Trog
    83 | D        | Reached skill level 5 in Dodging
    83 | D        | Reached XP level 5. HP: 47/56 MP: 4/4
   147 | D        | Killed a water moccasin
   318 | D        | Reached *** piety under Trog
   623 | D        | Noticed a wyvern
   623 | D        | Noticed a wyvern
   630 | D        | Killed a wyvern
   631 | D        | Reached skill level 10 in Fighting
   631 | D        | Reached skill level 10 in Axes
   631 | D        | Reached XP level 6. HP: 48/67 MP: 5/5
   632 | D        | Killed a wyvern
   633 | D        | Reached XP level 7. HP: 54/74 MP: 6/6
   914 | D        | Reached **** piety under Trog
  1119 | D        | Noticed an obsidian statue
  1122 | D        | Found Onesteqe's Jewellery Emporium.
  1123 | D        | Found Vuroused's Jewellery Emporium.
  1123 | D        | Found Geniggeh's Book Shoppe.
  1124 | D        | Found Epril's Antique Armour Shoppe.
  1124 | D        | Found Fattul's Jewellery Emporium.
  1124 | D        | Found Qudau's Distillery.
  1125 | D        | Found Buavues's Distillery.
  1125 | D        | Found Ugausky's Magic Scroll Emporium.
  1125 | D        | Found Curchup's Antique Weapon Emporium.
  1125 | D        | Found Nomnaits's Book Shoppe.
  1125 | D        | Noticed a fire dragon
  1145 | D        | Found Ihybueduo's Antique Armour Emporium.
  1145 | D        | Found Syuxteull's Jewellery Shoppe.
  1145 | D        | Noticed Menkaure
  1145 | D        | Noticed an oklob plant
  1145 | D        | Noticed a redback
  1145 | D        | Noticed a redback
  1146 | D        | Found Baotereo's Antique Weapon Shoppe.
  1146 | D        | Found Ownan's Antique Armour Emporium.
  1146 | D        | Found Nadyfante's Book Shoppe.
  1155 | D        | Slain by Menkaure

Illustrated notes

Levels and vault maps discovered:
D:        the_violet_keep_of_menkaure [sprint2_stairs_cluster_1,
          sprint2_shoproom, sprint2_temple, sprint2_basic_supplies,
          sprint2_obstacle_3, sprint2_obstacle_4, sprint2_obstacle_6,
          sprint2_obstacle_2, sprint2_obstacle_7, sprint2_timed_cluster_1,
          sprint2_smallroom_cluster_1, sprint2_smallroom_final_cluster_1,
          sprint2_transparent_cluster_1, sprint2_second_timed_cluster_1,
          sprint2_sniper_area_1, sprint2_heavy_combat_area_1,
          sprint2_mutation_trap_area_1, sprint2_forest_area_1,
          sprint2_light_combat_area_1, sprint2_behind_water_1,
          sprint2_near_end_vault_1]

Skill      XL: |  1  2  3  4  5  6  7 |
---------------+----------------------+-----
Fighting       | 6 7 8 10 11 12 | 12.4
Axes           | 6 7 8 10 11 12 | 12.4
Armour         | 4 5 7 8 |  8.7
Dodging        | 3 4 5 6 7 |  7.9

Action                   |  1- 3 |  4- 6 |  7- 9 || total
-------------------------+-------+-------+-------++-------
Melee: Hand axe          |     6 |    19 |    18 ||    43
       Headbutt          |     1 |     5 |     3 ||     9
       Punch             |       |     1 |       ||     1
Invok: Berserk           |     1 |     3 |       ||     4
Armor: Animal skin       |       |     2 |       ||     2
Dodge: Dodged            |     2 |    10 |     6 ||    18
